 Dungeon Crawl Stone Soup version 0.29.1-15-g9cfb28693d (webtiles) character file.

Game seed: 14043184019432122468

45 loralnil the Insei (level 3, 0/23 HPs)
             Began as an Octopode Transmuter on Apr 26, 2023.
             Slain by an orc
             ... wielding a +0 club
              (2 damage)
             ... on level 3 of the Dungeon.
             The game lasted 00:04:15 (3326 turns).

loralnil the Insei (Octopode Transmuter)            Turns: 3326, Time: 00:04:15

Health: 0/23       AC:  1    Str:  9    XL:     3   Next: 64%
Magic:  6/6        EV: 13    Int: 17    God:
Gold:   83         SH:  0    Dex: 12    Spells: 0/6 levels left

rFire   . . .      SeeInvis .     - Unarmed
rCold   . . .      Faith    .   (no shield)
rNeg    . . .      Spirit   .   (helmet currently unavailable)
rPois   .          Reflect  .   (no amulet)
rElec   .          Harm     .   (no ring)
rCorr   .          Rampage  .   (no ring)
Will    .....                   (no ring)
Stlth   +++.......              (no ring)
HPRegen 0.07/turn               (no ring)
MPRegen 0.10/turn               (no ring)
                                (no ring)
                                (no ring)

@: about to teleport, appendages (expiring)
A: tentacle spike 3, almost no armour, amphibious, 8 rings, camouflage 1,
gelatinous body 1, (nimble swimmer 1), tentacles
a: End Transformation


You were on level 3 of the Dungeon.
One of your tentacles had grown a beastly spike.
You visited 1 branch of the dungeon, and saw 3 of its levels.

You collected 83 gold pieces.

Inventory:

Jewellery
 b - an amulet of reflection
Scrolls
 c - a scroll of enchant armour
 e - a scroll of teleportation
 i - a scroll of silence
Potions
 a - a potion of lignification
 d - 2 potions of curing
 f - 3 potions of haste
 g - a potion of attraction {unknown}
 h - a potion of degeneration {unknown}


   Skills:
 - Level 1.0 Fighting
 - Level 2.0 Dodging
 + Level 2.3 Stealth
 + Level 3.5 Unarmed Combat
 - Level 2.0 Spellcasting
 + Level 2.6 Transmutations
 + Level 0.7 Poison Magic


You couldn't memorise any spells.
You knew the following spells:

 Your Spells              Type           Power      Damage    Failure   Level
a - Beastly Appendage     Tmut           20%        N/A       6%          1
b - Wereblood             Tmut           10%        N/A       10%         2
c - Spider Form           Tmut/Pois      7%         N/A       28%         3

Your spell library contained the following spells:

 Spells                   Type           Power      Damage    Failure   Level
 Shock                    Conj/Air       4%         1d3       19%         1
 Swiftness                Air            1%         N/A       50%         3
 Ice Form                 Ice/Tmut       6%         N/A       73%         4
 Airstrike                Air            0%         2d(1-17)  88%         4


Dungeon Overview and Level Annotations

Branches:
Dungeon (3/15)

Altars:

Shops:
D:1 *


Innate Abilities, Weirdness & Mutations

One of your tentacles has grown a beastly spike.
You cannot wear most types of armour.
You are amphibious.
You can wear up to eight rings at the same time.
Your skin changes colour to match your surroundings (Stealth+).
Your rubbery body absorbs attacks. (AC +1, EV +1)
((You are camouflaged when in or above water. (Stealth+)))
You have tentacles for arms and can constrict up to eight enemies at once.


Message History

Confirm with . or Enter, or press ? or * to list all spells.
One of your tentacles grows a vicious spike.
You barely miss the orc. Your grab misses the orc. Your squeeze misses the orc.
The orc hits you with a +0 dagger.
You closely miss the orc. Your grab misses the orc.
The orc completely misses you.
You closely miss the orc. You grab the orc. You constrict the orc.
The orc hits you with a +0 dagger.
The orc shouts!
You tentacle-slap the orc.
You pierce the orc.
You squeeze the orc.
You kill the orc!
You closely miss the orc. Your grab misses the orc.
Your tentacle spike misses the orc.
An orc comes into view. It is wielding a +0 club.
The orc closely misses you.
The orc shouts!
You tentacle-slap the orc. Your grab misses the orc.
You pierce the orc.
You kill the orc!
Things that are here:
a +0 dagger; a +0 dagger You tentacle-slap the orc but do no damage.
You grab the orc. You squeeze the orc.
The orc is heavily wounded.
Your transformation is almost over.
You constrict the orc. The orc completely misses you.
The orc priest mumbles some strange prayers to Beogh against you.
Beogh smites you!
You tentacle-slap the orc but do no damage.
You pierce the orc.
Your squeeze misses the orc.
The orc is almost dead.
You constrict the orc, but do no damage.
The orc hits you with a +0 flail!
* * * LOW HITPOINT WARNING * * *
You tentacle-slap the orc but do no damage.
The orc is almost dead.
You constrict the orc.
You kill the orc!
As you read the scroll of teleportation, it crumbles to dust.
You feel strangely unstable. The orc hits you with a +0 club.
You die...

............#..#.#
#..............# #
###.....#o#o...##.##
#######................? #
#.#............^.......... #
#.#######.#..........##### #
#.#######.#####.>....#
####.........#####o....##
................@o.........
####..........####.........
####..........# #..........
..##.......................#
..##...................###.#
..##.####.....####.#...#
.....# #...### ###.....
..#### #...# ...## ..# .....


You could see an orc priest and an orc.

Vanquished Creatures
  A worm (D:2)
  3 orcs (D:3)
  5 endoplasms
  2 giant cockroaches (D:1)
  2 goblins (D:1)
  2 hobgoblins (D:2)
  4 quokkas
  3 ball pythons
  3 bats
  2 frilled lizards
  4 kobolds
  5 rats
36 creatures vanquished.

Notes
Turn   | Place    | Note
-------+----------+-------------------------------------------
     0 | D:1      | loralnil the Octopode Transmuter began the quest for the
                  | Orb.
     0 | D:1      | Reached XP level 1. HP: 13/13 MP: 3/3
   320 | D:1      | Reached skill level 1 in Stealth
   482 | D:1      | Reached XP level 2. HP: 11/18 MP: 3/5
   801 | D:1      | Found Xiyzan's Assorted Antiques.
  1846 | D:2      | Found a faded altar of an unknown god.
  1888 | D:2      | Reached XP level 3. HP: 23/23 MP: 6/6
  1891 | D:2      | Learned a level 2 spell: Wereblood
  1895 | D:2      | Learned a level 3 spell: Spider Form
  3326 | D:3      | Slain by an orc

Illustrated notes

Levels and vault maps discovered:
D:1:      saegor_arrival_simple_b, layout_basic, serial_shops, shop,
          chequers_serial_rivers_large_b
D:2:      layout_basic, hellmonk_ecumenical_altar_arch_garden, corner_web_ring
D:3:      layout_basic, amcnicky_altar_gilded

Skill      XL: |  1  2  3 |
---------------+----------+-----
Stealth        | 1 2 |  2.3
Fighting       | |  1.0
Dodging        | |  2.0
Unarmed Combat | |  3.5
Spellcasting   | |  2.0
Transmutations | |  2.6
Poison Magic   | |  0.7

Action                   || total
-------------------------++-------
Melee: Unarmed           ||    73
       Constrict         ||    17
       Kick              ||    13
       Tentacles         ||     7
       Punch             ||     3
 Cast: Beastly Appendage ||    20
  Use: Scroll            ||     7
 Stab: Sleeping          ||    11
Armor: Skin              ||     3
Dodge: Dodged            ||    29
